 Dungeon Crawl Stone Soup version 0.21.1-1-g345015fe64 (webtiles) character file.

39 TxmiHxxCxx the Grave Robber (level 3, -2/24 HPs)
             Began as a Demonspawn Necromancer on June 22, 2018.
             Killed from afar by Natasha (7 damage)
             ... with a magic dart
             ... on level 2 of the Dungeon on June 24, 2018.
             The game lasted 00:21:03 (1363 turns).

TxmiHxxCxx the Grave Robber (DsNe)                  Turns: 1363, Time: 00:21:04

Health: -2/24      AC:  6    Str:  9    XL:     3   Next: 28%
Magic:  6/6        EV: 11    Int: 16    God:
Gold:   34         SH:  0    Dex: 13    Spells: 5/7 levels left

rFire    . . .     SeeInvis .   b - +0 hunting sling
rCold    . . .     Gourm    .   (no shield)
rNeg     . . .     Faith    .   o - +0 leather armour
rPois    .         Spirit   .   (helmet restricted)
rElec    .         Reflect  .   e - +0 cloak
rCorr    .         Harm     .   g - +0 pair of gloves
MR       .....                  (no boots)
Stlth    ++........             (no amulet)
HPRegen  0.08/turn              (no ring)
MPRegen  0.10/turn              (no ring)

@: very slightly contaminated
A: antennae 1, rugged brown scales 1
a: no special abilities


You were on level 2 of the Dungeon.
You were not hungry.

You visited 1 branch of the dungeon, and saw 2 of its levels.

You collected 34 gold pieces.

Inventory:

Hand Weapons
 a - a +0 short sword
 b - a +0 hunting sling (weapon)
 k - a +0 dagger
Missiles
 h - 61 stones (quivered)
Armour
 e - a +0 cloak (worn)
 g - a +0 pair of gloves (worn)
 o - a +0 leather armour (worn)
Scrolls
 f - 2 scrolls of identify {unknown}
Books
 n - a book of Necromancy

   Spells                             Type                      Level
   a - Pain                           Necromancy                   1
   b - Animate Skeleton               Necromancy                   1
   c - Vampiric Draining              Necromancy                   3
   d - Regeneration                   Charms/Necromancy            3
   e - Animate Dead                   Necromancy                   4
   f - Borgnjor's Vile Clutch         Necromancy/Earth             5
Comestibles
 c - 4 rations
 d - 4 chunks of flesh


   Skills:
 + Level 1.7 Dodging
 + Level 2.0 Stealth
 + Level 0.2 Unarmed Combat
 + Level 2.6 Spellcasting
 + Level 5.0 Necromancy


You had 5 spell levels left.
You knew the following spells:

 Your Spells              Type           Power        Failure   Level  Hunger
a - Pain                  Necr           ###.         3%          1    #......
b - Animate Skeleton      Necr           N/A          3%          1    #......


Dungeon Overview and Level Annotations

Branches:
Dungeon (2/15)

Altars:

Annotations:
D:2 Natasha


Innate Abilities, Weirdness & Mutations

You have a pair of small antennae on your head.
You are partially covered in rugged brown scales. (AC +1, +3% HP)


Message History

It was a scroll of fear.
Cornered, Natasha turns to fight!
Natasha mewls in sadness.
Natasha mumbles some strange words.
b - a +0 hunting sling (weapon)
Some of the chunks of flesh in your inventory have rotted away.
Firing (i - inventory):
h - 63 stones (quivered)
Press: ? - help, Shift-Dir - straight line, f - Natasha
Aim: Natasha You shoot a stone.
The stone completely misses Natasha.
Firing (i - inventory):
h - 62 stones (quivered)
Press: ? - help, Shift-Dir - straight line, f/p - Natasha
Aim: Natasha You shoot a stone.
The stone barely misses Natasha.
Natasha wildly gestures.
You feel troubled.
Natasha mumbles some strange words.
Natasha stares at you and mumbles some strange words.
The magic dart hits you!
You die...

########################
................@..h55(#
.#####################.#
.# { #.# .# #### #.# .#
... #.# .#..# ##
#.####h##### .#..#...
#.....5....# ........
......#.##.## .#..##.#
##.####.##.#


You could see Natasha and 2 white imps.

Vanquished Creatures
  An adder (D:2)
  A dart slug (D:2)
  A leopard gecko (D:1)
  2 giant cockroaches
  3 goblins
  A hobgoblin (D:1)
  3 bats (D:1)
  10 frilled lizards
  2 kobolds
  5 rats (D:1)
29 creatures vanquished.

Vanquished Creatures (collateral kills)
  A goblin (D:1)
  2 frilled lizards (D:1)
3 creatures vanquished.

Grand Total: 32 creatures vanquished

Notes
Turn   | Place    | Note
-------+----------+-------------------------------------------
     0 | D:1      | TxmiHxxCxx the Demonspawn Necromancer began the quest for the Orb.
     0 | D:1      | Reached XP level 1. HP: 13/13 MP: 3/3
    55 | D:1      | Learned a level 1 spell: Animate Skeleton
   343 | D:1      | Gained mutation: You are partially covered in rugged brown scales. (AC +1, +3% HP) [demonic ancestry]
   343 | D:1      | Reached XP level 2. HP: 12/19 MP: 1/5
   920 | D:1      | Reached skill level 5 in Necromancy
  1123 | D:2      | Gained mutation: You have a pair of small antennae on your head. [demonic ancestry]
  1123 | D:2      | Reached XP level 3. HP: 16/24 MP: 1/6
  1311 | D:2      | Noticed Natasha
  1363 | D:2      | Killed from afar by Natasha

Skill      XL: |  1  2 |
---------------+-------+-----
Stealth        | 2 |  2.0
Necromancy     | 5 |  5.0
Dodging        | |  1.7
Unarmed Combat | |  0.2
Spellcasting   | |  2.6

Action                   || total
-------------------------++-------
Melee: Unarmed           ||    10
       Dagger            ||     6
       Short sword       ||     7
 Fire: Hunting sling     ||     2
Throw: Stone             ||    35
 Cast: Pain              ||    36
       Animate Skeleton  ||     8
  Use: Potion            ||     4
       Scroll            ||     2
 Stab: Sleeping          ||     2
  Eat: Chunk             ||     2
Armor: Robe              ||    11
       Leather armour    ||     5
Dodge: Dodged            ||    29
